 Dungeon Crawl Stone Soup version 0.25-a0-420-g1cc7eeb0d1 (webtiles) character file.

Game seed: 12948213671344313588, levelgen mode: deterministic

78 Laukis the Shield-Bearer (level 4, -2/35 HPs)
             Began as a Demonspawn Fighter on Jan 19, 2020.
             Slain by an adder (3 damage)
             ... on level 3 of the Dungeon.
             The game lasted 00:05:35 (2172 turns).

Laukis the Shield-Bearer (Demonspawn Fighter)       Turns: 2172, Time: 00:05:35

Health: -2/35      AC:  2    Str: 17    XL:     4   Next: 15%
Magic:  4/4        EV:  7    Int:  9    God:
Gold:   133        SH:  9    Dex: 13    Spells: 3/3 levels left

rFire    . . .     SeeInvis .   a - +0 long sword
rCold    . . .     Gourm    .   c - +0 shield
rNeg     . . .     Faith    .   b - +0 scale mail
rPois    .         Spirit   .   (no helmet)
rElec    .         Reflect  .   (no cloak)
rCorr    .         Harm     .   (no gloves)
MR       .....                  (no boots)
Stlth    ..........             (no amulet)
HPRegen  0.11/turn              o - -4 ring of protection (curse)
MPRegen  0.09/turn              (no ring)

@: lethally poisoned (-2 -> -5)
A: powered by pain 1
a: no special abilities


You were on level 3 of the Dungeon.
You were not hungry.

You visited 1 branch of the dungeon, and saw 3 of its levels.

You collected 133 gold pieces.

Inventory:

Hand Weapons
 a - a +0 long sword (weapon)
Missiles
 k - 8 poisoned darts (quivered)
Armour
 b - a +0 scale mail (worn)
 c - a +0 shield (worn)
 j - a cursed +0 chain mail
Jewellery
 o - a cursed -4 ring of protection (left hand)
Scrolls
 g - a scroll of remove curse {unknown}
 h - a scroll of teleportation {unknown}
 i - a scroll of fog {unknown}
 n - a scroll of immolation {unknown}
Potions
 d - a potion of might
 e - 2 potions of agility {unknown}
 l - 3 potions of curing {unknown}
Comestibles
 f - 5 rations
 m - a chunk of flesh


   Skills:
 - Level 3.2 Fighting
 + Level 2.5 Long Blades
 + Level 3.2 Armour
 - Level 0.2 Dodging
 + Level 3.4 Shields


You had 3 spell levels left.
You didn't know any spells.
Your spell library was empty.

Dungeon Overview and Level Annotations

Branches:
Dungeon (3/15)

Altars:


Innate Abilities, Weirdness & Mutations

You sometimes gain a little power by taking damage.


Message History

The adder is heavily wounded.
You feel sick. The bat barely misses you. The adder bites you.
* * * LOW HITPOINT WARNING * * *
You closely miss the adder.
The adder is heavily wounded.
You block the bat's attack. You block the adder's attack.
The adder bites you but does no damage.
You closely miss the adder.
The adder is heavily wounded.
The bat hits you.
* * * LOW HITPOINT WARNING * * *
The adder bites you.
* * * LOW HITPOINT WARNING * * *
You are more poisoned.
The adder poisons you! You block the adder's attack.
You miss the adder.
The adder is heavily wounded.
* * * LOW HITPOINT WARNING * * *
You feel sick. You block the bat's attack. The adder bites you.
You die...

# #. ###.### ###..
..# ...# #S#
#.####.###@####
#.....รท.......##
###.###...###.....
#. #..b# .##..
#.###...###.#
#...........#
#...........#
..####...........#
.......###...###.#


You could see an adder and a bat.

Vanquished Creatures
  3 adders
  An ooze (D:1)
  A worm (D:2)
  2 leopard geckos (D:1)
  6 bats
  5 giant cockroaches
  6 goblins
  2 hobgoblins (D:1)
  7 kobolds
  3 frilled lizards
  4 rats
40 creatures vanquished.

Notes
Turn   | Place    | Note
-------+----------+-------------------------------------------
     0 | D:1      | Laukis the Demonspawn Fighter began the quest for the Orb.
     0 | D:1      | Reached XP level 1. HP: 18/18 MP: 1/1
   206 | D:1      | Gained mutation: You sometimes gain a little power by
                  | taking damage. [demonic ancestry]
   206 | D:1      | Reached XP level 2. HP: 22/24 MP: 2/2
   919 | D:1      | Reached XP level 3. HP: 29/29 MP: 3/3
  1885 | D:3      | Reached XP level 4. HP: 15/35 MP: 4/4
  2172 | D:3      | HP: 1/35 [poisoned by an adder]
  2172 | D:3      | Slain by an adder

Levels and vault maps discovered:
D:1:      dpeg_arrival_radiant, layout_basic, minmay_misc_feat_secret_circle
D:2:      layout_basic
D:3:      layout_loops_ring, minmay_misc_feat_cross, minmay_vboxes

Skill      XL: |  1  2  3 |
---------------+----------+-----
Long Blades    | 2 |  2.5
Shields        | 3 |  3.4
Armour         | 3 |  3.2
Fighting       | |  3.2
Dodging        | |  0.2

Action                   |  1- 3 |  4- 6 || total
-------------------------+-------+-------++-------
Melee: Long sword        |   134 |    26 ||   160
  Eat: Chunk             |     3 |     1 ||     4
Armor: Scale mail        |    94 |     6 ||   100
Dodge: Dodged            |    65 |    10 ||    75
Block: Shield            |    92 |    23 ||   115
       Rpst.: Long sword |    17 |     1 ||    18

Table legend:
 A = Non-vault XP
 B = Vault XP
 C = Vault XP percentage of total XP
 D = Non-vault monster count
 E = Vault monster count
 F = Vault count percentage of total count
                 A         B        C        D         E       F
            +---------+---------+-------+---------+---------+-------
      Total |     112 |       0 |   0.0 |      40 |       0 |   0.0
            +---------+---------+-------+---------+---------+-------
        D:1 |      41 |       0 |   0.0 |      20 |       0 |   0.0
        D:2 |      41 |       0 |   0.0 |      16 |       0 |   0.0
        D:3 |      30 |       0 |   0.0 |       4 |       0 |   0.0
            +---------+---------+-------+---------+---------+-------
